 Dungeon Crawl Stone Soup version 0.16.2-12-gd0ad4c3 (webtiles) character file.

157 Peloso the Shield-Bearer (level 5, 47/47 HPs)
             Began as a Minotaur Fighter on Nov 13, 2015.
             Quit the game on level 3 of the Dungeon on Nov 21, 2015.
             The game lasted 00:09:51 (2091 turns).

Peloso the Shield-Bearer (Minotaur Fighter)         Turns: 2091, Time: 00:09:51

Health: 47/47      AC:  7    Str: 20      XL:     5   Next: 15%
Magic:  2/2        EV:  8    Int: 10      God:
Gold:   129        SH:  9    Dex:  8 (11) Spells: 0 memorised, 4 levels left

rFire  + . .     SeeInvis .     a - +0 long sword
rCold  + . .     Clarity  .     b - +0 scale mail
rNeg   . . .     SustAb   .     c - +0 shield
rPois  +         Gourm    .     (helmet restricted)
rElec  +         Spirit   .     (no cloak)
rCorr  +         Warding  .     (no gloves)
rMut   .         Stasis   .     (no boots)
MR     .....                    (no amulet)
Stlth  ..........               (no ring)
                                (no ring)

@: brilliant, resistant, very slightly contaminated, invisible, not resistant to
hostile enchantments, extremely unstealthy
A: retaliatory headbutt, horns 2
a: no special abilities


You were on level 3 of the Dungeon.
You were near starving.

You visited 1 branch of the dungeon, and saw 3 of its levels.

You collected 129 gold pieces.

Inventory:

Hand weapons
 a - a +0 long sword (weapon)
Armour
 b - a +0 scale mail (worn)
 c - a +0 shield (worn)
Scrolls
 m - a scroll of enchant weapon {unknown}
 p - a scroll of fog {unknown}
 q - 2 scrolls of random uselessness {unknown}
 r - 2 scrolls of identify {unknown}
Potions
 e - a potion of might
 g - 4 potions of curing {unknown}
 i - a potion of agility {unknown}
 l - a potion of heal wounds
Comestibles
 d - 2 bread rations
 f - 2 beef jerkies
 h - 4 fruits
 j - a meat ration
 s - 6 chunks of flesh


   Skills:
 + Level 4.5 Fighting
 + Level 3.5 Long Blades
 + Level 4.3 Armour
 + Level 1.5 Dodging
 + Level 5.0 Shields


You had 4 spell levels left.
You didn't know any spells.

Dungeon Overview and Level Annotations

Branches:
Dungeon (3/15)

Altars:
Cheibriados
Elyvilon
Xom


Innate Abilities, Weirdness & Mutations

You reflexively headbutt those who attack you in melee.
You have a pair of horns on your head.


Message History

You block the adder's attack.
You closely miss the adder. Your headbutt misses the adder.
The adder bites you but does no damage.
You miss the adder. Your headbutt misses the adder.
The adder closely misses you. The adder barely misses you.
You miss the adder. The adder bites you but does no damage.
The adder barely misses you.
You closely miss the adder. You block the adder's attack.
You block the adder's attack.
You barely miss the adder. Your headbutt misses the adder.
The adder closely misses you. You furiously retaliate!
You headbutt the adder. You barely miss the adder.
Your headbutt misses the adder.
The adder is moderately wounded.
You block the adder's attack. The adder barely misses you.
You catch the helpless adder completely off-guard!
You slash the adder!
You kill the adder!
Your Shields skill increases to level 5!
You see here an adder corpse.
Are you sure you want to abandon this character and quit the game? (Confirm with "yes".)

#.##..#######..###..##..# #
###.............#...#.##..#
#
........#######.#####.##..#
###.##.##.......#
#.#...#######
#.##....#####.#
#..#........# #.####### #.#
#.....#####.# #.#
############### ###
###.#########............ #
.............#..@#...#..
############............. #
###...#...#.. #
#........... # ############
#


There were no monsters in sight!

Vanquished Creatures
  A quasit (D:3)
  7 adders
  2 worms (D:3)
  A giant gecko (D:2)
  An orc (D:3)
  3 ball pythons
  3 giant cockroaches
  12 goblins
  6 hobgoblins
  A jackal (D:1)
  5 kobolds
  3 bats
  A giant newt (D:2)
  10 rats
56 creatures vanquished.

Notes
Turn   | Place    | Note
--------------------------------------------------------------
     0 | D:1      | Peloso, the Minotaur Fighter, began the quest for the Orb.
     0 | D:1      | Reached XP level 1. HP: 19/19 MP: 1/1
   213 | D:1      | Reached XP level 2. HP: 27/27 MP: 1/1
   329 | D:1      | Reached skill level 4 in Shields
   716 | D:2      | Reached XP level 3. HP: 14/33 MP: 2/2
   938 | D:2      | Found a snail-covered altar of Cheibriados.
   939 | D:2      | Found a shimmering altar of Xom.
  1457 | D:3      | Reached XP level 4. HP: 35/40 MP: 2/2
  1621 | D:3      | Reached skill level 1 in Dodging
  1641 | D:3      | Found a white marble altar of Elyvilon.
  1651 | D:3      | Noticed Sigmund
  2063 | D:3      | Reached XP level 5. HP: 34/47 MP: 2/2
  2089 | D:3      | Reached skill level 5 in Shields
  2091 | D:3      | Quit the game

Action                   |  1- 3 |  4- 6 || total
-------------------------+-------+-------++-------
Melee: Long sword        |    84 |    61 ||   145
  Use: Potion            |       |     4 ||     4
 Stab: Invisible         |       |     1 ||     1
  Eat: Chunk             |       |     2 ||     2
